 Dungeon Crawl Stone Soup version 0.30-a0-354-g6b83867211 (webtiles) character file.

Game seed: 4206668198442750555

11930 koil the Nimble (level 11, -2/56 HPs)
             Began as a Spriggan Enchanter on Nov 7, 2022.
             Was a Believer of Makhleb.
             Shot with an arrow by a centaur warrior (20 damage)
             ... on level 10 of the Dungeon.
             The game lasted 00:44:57 (9779 turns).

koil the Nimble (Spriggan Enchanter)                Turns: 9779, Time: 00:44:57

Health: -2/56      AC: 11    Str:  4    XL:     11   Next: 55%
Magic:  16/25      EV: 29    Int: 25    God:    Makhleb [**....]
Gold:   674        SH:  0    Dex: 26    Spells: 11/29 levels left

rFire   x . .      SeeInvis +    a - +2 dagger (venom)
rCold   . . .      Faith    .    (no shield)
rNeg    + . .      Spirit   .    O - +2 robe {rN+}
rPois   +          Reflect  .    (helmet restricted)
rElec   .          Harm     .    m - +2 cloak
rCorr   .          Rampage  .    (gloves unavailable)
Will    +....                    (boots unavailable)
Stlth   +++++.....               (no amulet)
HPRegen 0.29/turn                s - +6 ring of dexterity
MPRegen 0.19/turn                t - ring of Law {rPois rF- AC+4 Int+4 Dex+4}

@: very quick
A: very small, no large weapons, unfitting armour, see invisible, speed 3
a: Renounce Religion, Minor Destruction


You were on level 10 of the Dungeon.
You worshipped Makhleb.
Makhleb was pleased with you.
You visited 2 branches of the dungeon, and saw 11 of its levels.
You also visited: Ossuary.

You collected 674 gold pieces.

Inventory:

Hand Weapons
 a - a +2 dagger of venom (weapon)
 A - a +0 quarterstaff of freezing
 H - a +2 dagger of draining
 N - a +5 war axe
 P - a +1 dagger of electrocution
 T - a +2 dagger of protection
Missiles
 h - 19 poisoned darts (quivered)
 E - 4 curare-tipped darts
Armour
 m - a +2 cloak (worn)
 o - a +2 cloak
 D - a +2 robe of cold resistance
 O - a +2 robe of positive energy (worn)
Jewellery
 j - a +4 ring of protection
 k - a ring of flight
 s - a +6 ring of dexterity (left hand)
 t - the ring of Law (right hand) {rPois rF- AC+4 Int+4 Dex+4}
   (You found it on level 2 of the Dungeon)

   [ring of protection]

   AC:        It affects your AC (+4).
   Int:       It affects your intelligence (+4).
   Dex:       It affects your dexterity (+4).
   rF:        It makes you vulnerable to fire.
   rPois:     It protects you from poison.
 x - a ring of resist corrosion
 z - a ring of ice
 F - a ring of protection from cold
Wands
 b - a wand of digging (5)
 e - a wand of mindburst (18)
 l - a wand of polymorph (3)
Scrolls
 f - 2 scrolls of immolation
 g - a scroll of magic mapping
 n - 2 scrolls of fear
 p - 2 scrolls of summoning
 q - a scroll of vulnerability
 u - 7 scrolls of teleportation
 J - 5 scrolls of identify
 M - 2 scrolls of fog
Potions
 c - 2 potions of invisibility
 d - 9 potions of curing
 i - 2 potions of magic
 r - 2 potions of heal wounds
 v - a potion of brilliance
 w - 2 potions of might
 B - a potion of flight
 C - 2 potions of cancellation
 G - 2 potions of haste
 I - a potion of resistance
Miscellaneous
 y - a lightning rod (4/4)


   Skills:
 + Level 6.2 Fighting
 + Level 8.3 Short Blades
 + Level 10.4 Dodging
 - Level 10.1 Stealth
 + Level 9.6 Spellcasting
 - Level 3.0 Conjurations
 + Level 9.8 Hexes
 - Level 3.0 Transmutations


You had 11 spell levels left.
You knew the following spells:

 Your Spells              Type           Power      Damage    Failure   Level
a - Ensorcelled Hibernat  Hex/Ice        72%        N/A       1%          2
b - Confusing Touch       Hex            57%        N/A       1%          3
c - Dazzling Flash        Conj/Hex       88%        N/A       1%          3
d - Spider Form           Tmut/Pois      19%        N/A       9%          3
e - Leda's Liquefaction   Hex/Erth       18%        N/A       7%          4
f - Ozocubu's Armour      Ice            12%        N/A       16%         3

Your spell library contained the following spells:

 Spells                   Type           Power      Damage    Failure   Level
 Beastly Appendage        Tmut           54%        N/A       1%          1
 Tukima's Dance           Hex            57%        N/A       1%          3
 Wereblood                Tmut           27%        N/A       2%          2
 Cigotuvi's Dreadful Rot  Necr/Pois/Air  24%        N/A       8%          2
 Poisonous Vapours        Pois/Air       24%        N/A       8%          2
 Mephitic Cloud           Conj/Pois/Air  17%        N/A       11%         3
 Animate Dead             Necr           12%        N/A       45%         4
 Lee's Rapid Deconstruct  Erth           6%         3d6*      82%         5
 Statue Form              Tmut/Erth      12%        N/A       99%         6
 Haunt                    Necr/Summ      6%         N/A       100%        7
 Ozocubu's Refrigeration  Ice            6%         4d8       100%        7
 Infestation              Necr           6%         N/A       100%        8


Dungeon Overview and Level Annotations

Branches:
Dungeon (10/15)            Temple (1/1) D:5            Lair (0/5) D:9
    Orc (0/2) D:9         Ossuary (visited)

Altars:
Ashenzari
Dithmenos
Elyvilon
Fedhas
Gozag
Hepliaklqana
Makhleb
Nemelex Xobeh
Okawaru
Qazlal
Ru
Sif Muna
Trog
Vehumet
Wu Jian
Yredelemnul
Zin
The Shining One

Shops:
D:8 [

Annotations:
D:10 Lodul


Innate Abilities, Weirdness & Mutations

You are very small and have problems with some larger weapons.
You are too small for most types of armour.
You have supernaturally acute eyesight. (SInv)
You cover ground extremely quickly. (Speed+++)


Message History

Press: ? - help, Shift-Dir - straight line, f - ogre
Aim: an ogre, wielding a +0 giant club (chance to affect: 64%)
The ogre looks drowsy...
The helpless ogre fails to defend itself.
You stick the ogre like a pincushion!!!!
You kill the ogre!
Makhleb accepts your kill.
Casting: Ensorcelled Hibernation (safe; 1% risk of failure)
Confirm with . or Enter, or press ? or * to list all spells.
Aiming: Ensorcelled Hibernation (safe; 1% risk of failure)
Press: ? - help, Shift-Dir - straight line, f - ogre
Aim: an ogre, wielding a +0 giant club (chance to affect: 64%)
The ogre looks drowsy...
Items here: )))) †††.
The helpless ogre fails to defend itself.
You stick the ogre like a pincushion!!!!
You kill the ogre!
Makhleb accepts your kill.
You can now harness Makhleb's destructive might.
You feel better.
Okay, then.
Unknown command.
You see here a +0 giant club.
You now have 674 gold pieces (gained 40).
Lodul shouts!
You hear a shout!
Electricity crackles from Lodul's apparatus.
The bolt of lightning hits you!!
Ouch! That really hurt!
* * * LOW HITPOINT WARNING * * *
You see here 20 gold pieces.
Things that are here:
a +0 giant spiked club; an ogre corpse
There is an open door here.
You close the door.
You start resting.
A centaur warrior is nearby!
The centaur warrior shouts!
Something unseen opens the door.
The centaur warrior shoots an arrow.
The arrow hits you!!
You die...

.###......#...+.._..'.#..........
##.......##...♣.....♣###.........
..........#...♣.###.♣.#..........
..............♣.....♣...##.......
.........c....♣'♣♣♣+♣..>##.......
................#...########.....
........[###...#....# ##....
..........#>........## #....
##.......#...##.@....#### ###....
##.....####..##.###.....###.#....
........#................[.......
##'###..#..###'###...............
..#..##...##...).##..............
## ##.##.##..).#..##........O....
#. .###..#).##..##............ #.
#.#).##..###..#..<...O##...
#c.##.#)###)#.....#....#..##...


You could see a centaur warrior.

Vanquished Creatures
  Fannar (D:10)
  A centaur warrior (D:8)
  Pikel (D:5)
  An ugly thing (D:10)
  A hornet (D:7)
  Grinder (D:3)
  21 yaks
  A wyvern (D:8)
  4 vampire mosquitoes (D:9)
  Edmund (D:5)
  2 wargs (D:9)
  An acid dragon (D:9)
  2 water moccasins
  4 orc warriors
  An ice beast (D:5)
  3 black bears
  8 ogres (D:10)
  3 centaurs
  2 phantoms
  A kobold brigand (D:6)
  Blork the orc (D:5)
  5 bullfrogs
  A gnoll sergeant (D:7)
  3 necrophages
  A scorpion (D:6)
  22 wights
  6 killer bees (D:9)
  3 howler monkeys (D:9)
  3 centaur zombies (Ossuary)
  An iron imp (D:5)
  3 hounds
  A jelly (D:6)
  Crazy Yiuf (D:3)
  4 orc priests
  A gnoll bouda (D:7)
  4 iguanas
  8 orc wizards
  2 hound zombies (Ossuary)
  3 mummies (Ossuary)
  Robin (D:3)
  5 gnolls
  11 adders
  A shadow imp (D:4)
  2 ufetubi
  An adder zombie (Ossuary)
  3 worms
  7 dart slugs
  29 orcs
  3 bats
  3 endoplasms
  4 giant cockroaches
  11 goblins
  9 hobgoblins
  5 jackals (D:3)
  6 kobolds
  3 quokkas
  2 ball pythons
  6 frilled lizards
  3 gnoll zombies (Ossuary)
  2 goblin zombies (Ossuary)
  4 hobgoblin zombies (Ossuary)
  4 jackal zombies (Ossuary)
  4 kobold zombies (Ossuary)
  An orc zombie (Ossuary)
  3 quokka zombies (Ossuary)
  4 rats
  8 rat zombies (Ossuary)
278 creatures vanquished.

Vanquished Creatures (others)
  An orc wizard (D:8)
  8 withered plants (D:10)
9 creatures vanquished.

Grand Total: 287 creatures vanquished

Notes
Turn   | Place    | Note
-------+----------+-------------------------------------------
     0 | D:1      | koil the Spriggan Enchanter began the quest for the Orb.
     0 | D:1      | Reached XP level 1. HP: 9/9 MP: 5/5
   139 | D:1      | Reached XP level 2. HP: 13/13 MP: 6/6
   175 | D:1      | Learned a level 2 spell: Ensorcelled Hibernation
   799 | D:1      | Reached XP level 3. HP: 14/17 MP: 8/8
   813 | D:1      | Learned a level 3 spell: Confusing Touch
  1071 | D:2      | Reached skill level 5 in Stealth
  1325 | D:2      | Reached XP level 4. HP: 21/21 MP: 2/9
  1328 | D:2      | Reached skill level 1 in Fighting
  1485 | D:2      | Identified the ring of Law {rPois rF- AC+4 Int+4 Dex+4}
  1757 | D:3      | Found a sacrificial altar of Ru.
  1811 | D:3      | Found a runed translucent door.
  1812 | D:3      | Noticed Crazy Yiuf
  1958 | D:3      | Noticed Grinder
  1971 | D:3      | Killed Grinder
  1972 | D:3      | Reached skill level 1 in Conjurations
  1972 | D:3      | Reached XP level 5. HP: 25/25 MP: 7/12
  1972 | D:3      | Reached XP level 6. HP: 30/30 MP: 7/13
  2210 | D:3      | Noticed Robin
  2238 | D:3      | Killed Robin
  2295 | D:3      | Found a hazy altar of Hepliaklqana.
  2438 | D:3      | Killed Crazy Yiuf
  2860 | D:4      | Found a sand-covered staircase.
  2869 | Ossuary  | Entered an ossuary
  2980 | Ossuary  | Reached XP level 7. HP: 35/35 MP: 14/14
  3163 | Ossuary  | Reached skill level 5 in Hexes
  3586 | D:5      | Entered Level 5 of the Dungeon
  3589 | D:5      | Noticed Pikel
  3608 | D:5      | Killed Pikel
  3609 | D:5      | Reached skill level 5 in Dodging
  3609 | D:5      | Reached skill level 5 in Spellcasting
  3609 | D:5      | Reached XP level 8. HP: 19/39 MP: 13/16
  3788 | D:5      | Found a staircase to the Ecumenical Temple.
  3790 | D:5      | Noticed Blork the orc
  3804 | D:5      | Killed Blork the orc
  3896 | D:5      | Noticed Edmund
  3902 | D:5      | Killed Edmund
  4025 | D:5      | Found a shadowy altar of Dithmenos.
  4058 | D:5      | Found a burning altar of Makhleb.
  4288 | D:5      | Learned a level 3 spell: Dazzling Flash
  4334 | D:5      | Found a bloodstained altar of Trog.
  4479 | D:5      | Found a sparkling altar of Nemelex Xobeh.
  4792 | D:6      | Reached XP level 9. HP: 36/43 MP: 15/18
  4799 | D:6      | Reached skill level 1 in Transmutations
  4981 | D:6      | Reached skill level 5 in Short Blades
  5797 | D:7      | Found a broken altar of Ashenzari.
  6490 | D:8      | Reached XP level 10. HP: 51/51 MP: 14/21
  6511 | D:8      | Reached skill level 10 in Stealth
  6564 | D:8      | Learned a level 3 spell: Spider Form
  6569 | D:8      | Learned a level 4 spell: Leda's Liquefaction
  6573 | D:8      | Learned a level 3 spell: Ozocubu's Armour
  6786 | D:8      | Noticed a centaur warrior
  6793 | D:8      | Killed a centaur warrior
  7099 | D:8      | Found Vitz's Antique Armour Emporium.
  7187 | D:8      | Reached skill level 5 in Fighting
  7645 | Temple   | Entered the Ecumenical Temple
  7866 | D:5      | Became a worshipper of Makhleb the Destroyer
  8200 | D:9      | Reached XP level 11. HP: 56/56 MP: 15/24
  8218 | D:9      | Found a white marble altar of Elyvilon.
  8405 | D:9      | Found a staircase to the Orcish Mines.
  8430 | D:9      | Reached * piety under Makhleb
  8692 | D:9      | Found a shimmering blue altar of Sif Muna.
  8707 | D:9      | Found a staircase to the Lair.
  8935 | D:9      | Reached skill level 10 in Dodging
  9362 | D:10     | Entered Level 10 of the Dungeon
  9436 | D:10     | Noticed a red ugly thing
  9445 | D:10     | Killed a red ugly thing
  9508 | D:10     | Found an ornate altar of the Wu Jian Council.
  9517 | D:10     | Noticed Fannar
  9523 | D:10     | Killed Fannar
  9556 | D:10     | Found an opulent altar of Gozag.
  9569 | D:10     | Noticed a centaur warrior
  9707 | D:10     | Noticed Lodul
  9753 | D:10     | Reached ** piety under Makhleb
  9779 | D:10     | Shot with an arrow by a centaur warrior

Illustrated notes

Levels and vault maps discovered:
D:1:      dpeg_arrival_chambers_temple_mockup, layout_basic
D:2:      layout_basic, kennysheep_generic_room_13
D:3:      layout_loops_ring, mainiacjoe_overflow_tiny_flanked,
          overflow_temple_1_default, uniq_robin, uniq_crazy_yiuf_cottage,
          uniq_grinder
D:4:      layout_basic, enter_ossuary_1, st_stairs_8
D:5:      layout_loops_cross, grunt_dithmenos_smoke, trog_antimagical,
          mainiacjoe_overflow_alcove_1, makhleb_grotto_becter,
          minmay_temple_entry_slanted, uniq_pikel, uniq_blork_the_orc,
          uniq_edmund
D:6:      layout_rooms
D:7:      lemuel_ice_spiral_2, layout_basic, cheibrodos_ashenzari_chains,
          kennysheep_generic_room_16
D:8:      layout_loops_corners, serial_shops, nicolae_shop_trees
D:9:      layout_roguey, nicolae_overflow_crystal_walls, kennysheep_mini_moat,
          lair_entry_dummy, david_orc_1_choice, minmay_stone_trees_small
D:10:     minmay_the_grid_octo_2x2 [minmay_the_grid_octo_chip,
          minmay_the_grid_octo_checkerflower, minmay_the_grid_octo_pinwheel,
          minmay_the_grid_octo_prize_square_snowflake], layout_cave_pools,
          kiku_gazebo_garden_becter, mainiacjoe_overflow_six_doors_small,
          old_standard_altar, grunt_temple_overflow_open, uniq_fannar,
          uniq_lodul
Temple:   nicolae_temple_great_sept

Skill      XL: |  1  2  3  4  5  6  7  8  9 10 11 |
---------------+----------------------------------+-----
Spellcasting   | 3 4 5 7 8 9 |  9.6
Dodging        | 3 4 5 6 7 9 10 | 10.4
Stealth        | 5 6 7 8 9 10 | 10.1
Hexes          | 4 5 6 7 8 9 |  9.8
Fighting       | 1 2 3 4 5 6 |  6.2
Short Blades   | 2 3 4 6 7 8 |  8.3
Conjurations   | 1 2 3 |  3.0
Transmutations | 3 |  3.0

Action                   |  1- 3 |  4- 6 |  7- 9 | 10-12 || total
-------------------------+-------+-------+-------+-------++-------
Melee: Dagger            |    74 |   246 |   438 |   359 ||  1117
       Punch             |       |     2 |     9 |     9 ||    20
       Unarmed           |       |       |       |     8 ||     8
 Cast: Ensorcelled Hiber |     7 |     9 |    41 |    27 ||    84
       Confusing Touch   |       |     3 |    21 |    21 ||    45
       Dazzling Flash    |       |       |     1 |       ||     1
       Spider Form       |       |       |       |     1 ||     1
       Leda's Liquefacti |       |       |       |     1 ||     1
  Use: Scroll            |       |       |    15 |     5 ||    20
       Potion            |       |       |     4 |       ||     4
 Stab: Sleeping          |    16 |    11 |    40 |    31 ||    98
       Distracted        |     1 |       |     1 |     1 ||     3
       Confused          |       |     2 |    16 |    18 ||    36
       Invisible         |       |       |     2 |       ||     2
Armor: Robe              |    11 |    59 |    91 |    38 ||   199
       Skin              |       |       |       |     2 ||     2
Dodge: Dodged            |    41 |   204 |   365 |   273 ||   883

Table legend: (Time is in decaauts)
 A = Elapsed time spent in this place.
 B = Non-inter-level travel time spent in this place.
 C = Inter-level travel time spent in this place.
 D = Time resting spent in this place.
 E = Time spent auto-exploring this place.
 F = Levels seen in this place.
 G = Mean time per level.
                   A        B        C        D        E       F      G
               +--------+--------+--------+--------+--------+-----+--------+
         Total |   7072 |   6786 |    286 |    292 |   4549 |  12 |  589.3 |
       Dungeon |   6592 |   6315 |    277 |    244 |   4401 |  10 |  659.2 |
        Temple |    103 |     94 |      9 |      0 |     40 |   1 |  103.0 |
       Ossuary |    376 |    376 |      0 |     48 |    107 |   1 |  376.0 |
               +--------+--------+--------+--------+--------+-----+--------+

Top non-repeatable levels by time:
     D:9: 1006 daAuts
     D:8: 989 daAuts
     D:5: 973 daAuts
     D:3: 604 daAuts
     D:7: 603 daAuts
     D:2: 574 daAuts
     D:6: 547 daAuts
     D:1: 537 daAuts
     D:4: 446 daAuts
 Ossuary: 376 daAuts
    D:10: 308 daAuts
  Temple: 103 daAuts
